[Event "ICC tourney 3254 (40 10)"]
[Site "Internet Chess Club"]
[Date "2023.08.05"]
[Round "5"]
[White "KOEHL, EVAN:MacAndSneeze"]
[Black "MARKOVIC, GORAN:Goran21"]
[Result "1-0"]
[ICCResult "Black resigns"]
[WhiteElo "2027"]
[BlackElo "2049"]
[Opening "Sicilian: Canal-Sokolsky attack, 3...Bd7"]
[ECO "B52"]
[NIC "SI.01"]
[Time "20:00:31"]
[PlyCount "121"]
[TimeControl "2400+10"]

1. e4 c5 2. Nf3 d6 3. Bb5+ Bd7 4. Bxd7+ Nxd7 5. O-O Ngf6 6. Qe2 e5 7. c3 g6
8. Rd1 Bg7 9. d4 Qe7 10. Bg5 h6 11. Bxf6 Nxf6 12. dxe5 dxe5 13. c4 O-O 14.
Nc3 Rfd8 15. Rxd8+ Rxd8 16. Rd1 Rxd1+ 17. Qxd1 Kh7 18. Nd5 Qd6 19. Nxf6+
Qxf6 20. Qd2 b6 21. Ne1 h5 22. g3 Bh6 23. Qd5 Kg7 24. Nd3 Qf3 25. Nxe5 Qf6
26. h4 g5 27. hxg5 Bxg5 28. Nd7 Qe7 29. Qe5+ Qxe5 30. Nxe5 Bf6 31. Nd3 Bd4
32. b3 Kg6 33. Kg2 a6 34. a4 Kf6 35. Nf4 Kg5 36. Nd5 f5 37. f4+ Kg6 38. Ne7+
Kf6 39. Nxf5 Bc3 40. Kf3 Ke6 41. Ng7+ Bxg7 42. g4 hxg4+ 43. Kxg4 Bf6 44. Kh5
Bd4 45. Kg6 a5 46. Kg5 Be3 47. Kg4 Kf6 48. Kf3 Bd4 49. Kg4 Kg6 50. Kf3 Kh5
51. e5 Kg6 52. Ke4 Kf7 53. Kd5 Ke7 54. Kc6 Ke6 55. Kxb6 Be3 56. Kxa5 Bxf4
57. Kb6 Be3 58. a5 Kxe5 59. a6 Kd4 60. Kb5 Kc3 61. Ka4 {Black resigns} 1-0

[Event "ICC tourney 3254 (40 10)"]
[Site "Internet Chess Club"]
[Date "2023.08.05"]
[Round "5"]
[White "Vikas, Hema:madscience08"]
[Black "YI, COLIN:handsomematch"]
[Result "0-1"]
[ICCResult "White resigns"]
[WhiteElo "1803"]
[BlackElo "1578"]
[Opening "Ruy Lopez: closed defense"]
[ECO "C84"]
[NIC "RL.13"]
[Time "20:00:33"]
[PlyCount "82"]
[TimeControl "2400+10"]

1. e4 e5 2. Nf3 Nc6 3. Bb5 a6 4. Ba4 Nf6 5. O-O Be7 6. d3 b5 7. Bb3 O-O 8.
Bg5 h6 9. Bh4 d6 10. Nbd2 Na5 11. d4 exd4 12. Nxd4 c5 13. Bxf6 Bxf6 14. Bd5
Bb7 15. N4b3 Bxd5 16. Nxa5 Qxa5 17. exd5 Bxb2 18. Rb1 Bd4 19. Ne4 Qxa2 20.
c3 Be5 21. f4 Bf6 22. Nxf6+ gxf6 23. Qg4+ Kh8 24. Qf5 Rg8 25. Qxf6+ Rg7 26.
Qxh6+ Kg8 27. g3 Qxd5 28. Rbd1 Qf5 29. Qxd6 Rg6 30. Qc7 Kg7 31. Rd7 Re8 32.
Rfd1 Rge6 33. Rf1 Re2 34. Qb7 Qh5 35. Qh1 Re1 36. Qg2 R8e2 37. Qh1 Rxf1+ 38.
Kxf1 Rb2 39. Qe4 Qh3+ 40. Ke1 Qxd7 41. Qe5+ f6 {White resigns} 0-1

[Event "ICC tourney 3254 (40 10)"]
[Site "Internet Chess Club"]
[Date "2023.08.05"]
[Round "5"]
[White "DINESH, ABINAV:abi2009"]
[Black "Cao, Frank Zhongtian:FrankCao"]
[Result "1-0"]
[ICCResult "Black resigns"]
[WhiteElo "2012"]
[BlackElo "1786"]
[Opening "Caro-Kann: advance variation"]
[ECO "B12"]
[NIC "CK.04"]
[Time "20:00:29"]
[PlyCount "47"]
[TimeControl "2400+10"]

1. e4 c6 2. d4 d5 3. e5 Bf5 4. Nc3 e6 5. g4 Bg6 6. Nge2 c5 7. h4 h6 8. Nf4
Bh7 9. dxc5 Bxc5 10. Bd3 Bxd3 11. Nxd3 Nd7 12. Nxc5 Nxc5 13. Be3 Qc7 14. Qd4
Rc8 15. O-O-O Ne4 16. Qa4+ b5 17. Nxb5 Qc6 18. Qb3 Qc4 19. f3 Qxb3 20. axb3
Rb8 21. Nxa7 Ng3 22. Rh2 h5 23. Rg1 hxg4 24. Rxg3 {Black resigns} 1-0

[Event "ICC tourney 3254 (40 10)"]
[Site "Internet Chess Club"]
[Date "2023.08.05"]
[Round "5"]
[White "TAO, SIHAN:pangpangba"]
[Black "Mitrabha, Guha:babysnake"]
[Result "0-1"]
[ICCResult "White resigns"]
[WhiteElo "2180"]
[BlackElo "2565"]
[Opening "English: symmetrical variation"]
[ECO "A30"]
[NIC "EO.64"]
[Time "20:02:03"]
[PlyCount "124"]
[TimeControl "2400+10"]

1. c4 c5 2. Nf3 g6 3. d4 Bg7 4. dxc5 Na6 5. g3 Nxc5 6. Bg2 d6 7. O-O Be6 8.
Nbd2 Nf6 9. Nd4 Bd7 10. b3 O-O 11. Bb2 a6 12. Rc1 Rc8 13. Ba1 Rc7 14. b4 Ne6
15. Nxe6 Bxe6 16. a3 Qb8 17. c5 Rfc8 18. Nb3 Rd8 19. c6 bxc6 20. Na5 Bd7 21.
Nxc6 Bxc6 22. Rxc6 Rxc6 23. Bxc6 Rc8 24. Bf3 Nd7 25. Qa4 Qa7 26. Bxg7 Kxg7
27. Qb3 Ne5 28. Qb2 Qc7 29. Rb1 Qb6 30. Rc1 Rb8 31. Qc3 h5 32. h4 e6 33. Qc7
Qxc7 34. Rxc7 d5 35. Rc3 a5 36. bxa5 Rb5 37. Re3 Kf6 38. Kg2 Rxa5 39. Rc3
Ra4 40. e3 Nc4 41. Bd1 Rxa3 42. Rxa3 Nxa3 43. f4 Nb5 44. Kf3 Nc3 45. Bc2 Ke7
46. Bd3 Kd6 47. Ba6 Kc5 48. Bc8 Kc6 49. Ba6 Nb5 50. Bc8 Nc7 51. Ke2 Nb5 52.
Kf3 Na3 53. Ba6 Nc4 54. Ke2 Kc5 55. Bc8 Kd6 56. Kf3 Nd2+ 57. Ke2 Ne4 58. Kf3
Nc5 59. g4 Kc7 60. Bxe6 fxe6 61. gxh5 gxh5 62. f5 e5 {White resigns} 0-1

[Event "ICC tourney 3254 (40 10)"]
[Site "Internet Chess Club"]
[Date "2023.08.05"]
[Round "5"]
[White "Luo, Will:willluowin"]
[Black "Wu, Zhuoyuan:Jake000"]
[Result "1-0"]
[ICCResult "Black checkmated"]
[WhiteElo "2011"]
[BlackElo "1798"]
[Opening "English: symmetrical variation"]
[ECO "A37"]
[NIC "EO.28"]
[Time "20:00:30"]
[PlyCount "143"]
[TimeControl "2400+10"]

1. c4 c5 2. g3 g6 3. Bg2 Bg7 4. Nf3 Nc6 5. Nc3 e6 6. O-O Nge7 7. e3 O-O 8.
d4 cxd4 9. exd4 d5 10. Be3 Nf5 11. cxd5 exd5 12. Qb3 Bxd4 13. Nxd4 Ncxd4 14.
Bxd4 Nxd4 15. Qd1 Nc6 16. Nxd5 Be6 17. Nf4 Qxd1 18. Rfxd1 Bg4 19. Rd6 Rad8
20. Rxd8 Rxd8 21. Nd5 Ne5 22. Nf6+ Kg7 23. Nxg4 Nxg4 24. h3 Nf6 25. b4 Rd4
26. a3 b6 27. Rc1 Nd5 28. Rc8 Nf6 29. Rc7 Rd7 30. Rxd7 Nxd7 31. f4 Kf6 32.
Kf2 Ke6 33. Ke3 f5 34. Kd4 Nf6 35. Bf3 Ne8 36. a4 Nc7 37. Be2 Kd6 38. Bc4
Ne8 39. g4 fxg4 40. hxg4 Nf6 41. g5 Ng4 42. Be2 h5 43. Bd3 h4 44. Be2 Nh2
45. Ke3 Kd5 46. Kf2 Ke4 47. Kg2 Kxf4 48. Kxh2 Kxg5 49. Kh3 Kf4 50. Kxh4 Ke3
51. Bg4 Kf4 52. b5 Ke3 53. Kg5 Kd2 54. Kxg6 Kc3 55. Kf6 Kb4 56. Bd1 Ka5 57.
Ke5 a6 58. bxa6 Kxa6 59. Be2+ Ka5 60. Bb5 Kb4 61. Kd5 Ka5 62. Kc6 Kb4 63.
Kxb6 Ka3 64. a5 Kb4 65. a6 Kc3 66. a7 Kd4 67. a8=Q Kc3 68. Qe4 Kb2 69. Qd3
Ka1 70. Qd2 Kb1 71. Bc4 Ka1 72. Qa2# {Black checkmated} 1-0

[Event "ICC tourney 3254 (40 10)"]
[Site "Internet Chess Club"]
[Date "2023.08.05"]
[Round "5"]
[White "LOCHAM, DIVJOT SINGH:winner08"]
[Black "RALLABANDI, KRISHNA K:venkataralla"]
[Result "0-1"]
[ICCResult "White resigns"]
[WhiteElo "1868"]
[BlackElo "2055"]
[Opening "Scotch: Schmidt variation"]
[ECO "C45"]
[NIC "SO.04"]
[Time "20:00:47"]
[PlyCount "73"]
[TimeControl "2400+10"]

1. e4 e5 2. Nf3 Nc6 3. d4 exd4 4. Nxd4 Nf6 5. Nc3 Bb4 6. Nxc6 bxc6 7. Bd3 d5
8. exd5 O-O 9. O-O Bg4 10. f3 Bh5 11. Bg5 cxd5 12. Kh1 c6 13. Ne2 Bg6 14.
Ng3 Bd6 15. f4 h6 16. Bxf6 Qxf6 17. f5 Bh7 18. Nh5 Qe5 19. g3 g5 20. Re1
Qxb2 21. Qg4 Kh8 22. Qh3 Rfe8 23. Rxe8+ Rxe8 24. Rf1 c5 25. f6 Bxd3 26. cxd3
Bf8 27. g4 Qe2 28. Ng3 Qxd3 29. Qh5 Qg6 30. Qh3 Re6 31. Nh5 Qe4+ 32. Kg1 c4
33. Ng3 Bc5+ 34. Rf2 Qe1+ 35. Qf1 Bxf2+ 36. Kg2 Bxg3 37. hxg3 {White
resigns} 0-1

[Event "ICC tourney 3254 (40 10)"]
[Site "Internet Chess Club"]
[Date "2023.08.05"]
[Round "5"]
[White "ZHOU, JIANCHAO:TomCruise999"]
[Black "Volkov, Sergey:Volkov"]
[Result "0-1"]
[ICCResult "White forfeits on time"]
[WhiteElo "2629"]
[BlackElo "2501"]
[Opening "QGD Slav: 4.Nc3"]
[ECO "D15"]
[NIC "SL.03"]
[Time "20:00:41"]
[PlyCount "90"]
[TimeControl "2400+10"]

1. d4 d5 2. c4 c6 3. Nf3 Nf6 4. Nc3 a6 5. c5 g6 6. h3 Bg7 7. Bf4 O-O 8. e3
Nfd7 9. Be2 e5 10. Bh2 Re8 11. O-O e4 12. Ne1 Nf8 13. Qd2 Bf5 14. Nc2 Nbd7
15. b4 h5 16. a4 Nh7 17. b5 a5 18. bxc6 bxc6 19. Rab1 Ng5 20. Rb7 Qf6 21.
Bd6 Bf8 22. Bc7 Be6 23. Ne1 Nxh3+ 24. gxh3 Bxh3 25. f4 Bxf1 26. Bxf1 Qe6 27.
Ne2 Nf6 28. Bb6 Qg4+ 29. Bg2 Qh4 30. Nc2 Ng4 31. Qe1 Qxe1+ 32. Nxe1 Nxe3 33.
Bh3 f5 34. Ng2 Nxg2 35. Bxg2 Re7 36. Rc7 Rxc7 37. Bxc7 Be7 38. Bf1 Bd8 39.
Be5 Ra7 40. Nc3 Rb7 41. Bb5 cxb5 42. axb5 a4 43. c6 Ra7 44. Nxd5 a3 45. Nc3
Bb6 {White forfeits on time} 0-1

[Event "ICC tourney 3254 (40 10)"]
[Site "Internet Chess Club"]
[Date "2023.08.05"]
[Round "5"]
[White "Windram, James Alexander:Cypsiurus"]
[Black "OPASKA, MICHAEL:mopaska1106"]
[Result "1/2-1/2"]
[ICCResult "Game drawn because neither player has mating material"]
[WhiteElo "1932"]
[BlackElo "2040"]
[Opening "Réti: King's Indian attack"]
[ECO "A08"]
[NIC "QP.09"]
[Time "20:00:29"]
[PlyCount "144"]
[TimeControl "2400+10"]

1. Nf3 d5 2. g3 c5 3. Bg2 Nc6 4. d4 cxd4 5. Nxd4 e5 6. Nxc6 bxc6 7. c4 Nf6
8. O-O Be6 9. Nc3 Rc8 10. cxd5 cxd5 11. Qa4+ Qd7 12. Qxd7+ Kxd7 13. Rd1 d4
14. e3 Bc5 15. exd4 Bxd4 16. Be3 Ke7 17. Bxd4 exd4 18. Rxd4 Rhd8 19. Rad1
Rxd4 20. Rxd4 Rb8 21. Rd2 Rc8 22. h3 h5 23. f4 g6 24. Kf2 Rc5 25. a3 a5 26.
Ne2 Bd7 27. Nd4 a4 28. Rc2 Kd6 29. Rxc5 Kxc5 30. Ke3 Kc4 31. Bf1+ Kc5 32.
b4+ axb3 33. Nxb3+ Kd5 34. Nd2 Be8 35. Bc4+ Kc5 36. Bb3 Nd5+ 37. Bxd5 Kxd5
38. Ne4 Bc6 39. h4 Ke6 40. Ng5+ Ke7 41. Kd4 f6 42. Ne4 Ke6 43. Nd2 Kf5 44.
Ke3 Kg4 45. Kf2 g5 46. hxg5 fxg5 47. Nc4 Kf5 48. fxg5 Kxg5 49. Ne5 Ba4 50.
Ke3 h4 51. Nf3+ Kg4 52. gxh4 Bd1 53. Nd4 Kxh4 54. Kd2 Ba4 55. Kc3 Kg5 56.
Kb4 Bd1 57. Nb5 Kf6 58. Nc3 Bc2 59. Nd5+ Ke6 60. Ne3 Bd3 61. Kc5 Kd7 62. Kb6
Kc8 63. a4 Kb8 64. a5 Be2 65. Nd5 Bf1 66. Nb4 Be2 67. Nc6+ Ka8 68. Kc7 Bf1
69. Nd4 Ka7 70. Kc6 Ka6 71. Nb3 Bc4 72. Nc5+ Kxa5
{Game drawn because neither player has mating material}
1/2-1/2